 Dungeon Crawl Stone Soup version 0.21-a0-404-g291f19a (webtiles) character file.

4 wilfster70 the Covered (level 1, 0/13 HPs)
             Began as a Gnoll Wanderer on Oct 28, 2017.
             Slain by a frilled lizard (2 damage)
             ... on level 1 of the Dungeon.
             The game lasted 00:02:02 (165 turns).

wilfster70 the Covered (Gnoll Wanderer)              Turns: 165, Time: 00:02:02

Health: 0/13       AC:  6    Str: 14    XL:     1   Next: 70%
Magic:  6/6        EV: 10    Int: 13    God:
Gold:   7          SH:  4    Dex: 15    Spells: 8/9 levels left

rFire    . . .     SeeInvis .   d - +0 dagger
rCold    . . .     Gourm    .   c - +0 buckler
rNeg     . . .     Faith    .   b - +0 ring mail
rPois    .         Spirit   .   (no helmet)
rElec    .         Reflect  .   (no cloak)
rCorr    .         Harm     .   (no gloves)
MR       .....                  (no boots)
Stlth    +.........             (no amulet)
HPRegen  0.04/turn              (no ring)
MPRegen  0.10/turn              (no ring)

@: no status effects
A: distributed training, fangs 1, strong nose
a: no special abilities


You were on level 1 of the Dungeon.
You were not hungry.

You visited 1 branch of the dungeon, and saw 1 of its levels.

You collected 7 gold pieces.

Inventory:

Hand Weapons
 d - a +0 dagger (weapon)
Armour
 b - a +0 ring mail (worn)
 c - a +0 buckler (worn)
Scrolls
 g - a scroll of identify {unknown}
Potions
 e - a potion of haste {unknown}
 h - a potion of lignification {unknown}
Books
 a - a book of Minor Magic

   Spells                             Type                      Level
   a - Magic Dart                     Conjuration                  1
   b - Blink                          Translocation                2
   c - Call Imp                       Summoning                    2
   d - Slow                           Hexes                        2
   e - Conjure Flame                  Conjuration/Fire             3
   f - Mephitic Cloud                 Conjuration/Poison/Air       3
Comestibles
 f - a bread ration


   Skills:
 + Level 0.1 Fighting
 + Level 0.1 Short Blades
 + Level 0.1 Long Blades
 + Level 0.1 Axes
 + Level 0.1 Maces & Flails
 + Level 0.1 Polearms
 + Level 0.1 Staves
 + Level 0.1 Slings
 + Level 0.1 Bows
 + Level 0.1 Crossbows
 + Level 2.4 Throwing
 + Level 6.4 Armour
 + Level 0.1 Dodging
 + Level 0.1 Stealth
 + Level 2.4 Shields
 + Level 0.1 Unarmed Combat
 + Level 4.9 Spellcasting
 + Level 0.1 Conjurations
 + Level 2.0 Hexes
 + Level 0.1 Charms
 + Level 0.1 Summonings
 + Level 0.1 Necromancy
 + Level 0.1 Translocations
 + Level 0.1 Transmutations
 + Level 0.1 Fire Magic
 + Level 0.1 Ice Magic
 + Level 0.1 Air Magic
 + Level 3.6 Earth Magic
 + Level 0.1 Poison Magic
 + Level 0.2 Invocations
 + Level 0.1 Evocations


You had 8 spell levels left.
You knew the following spells:

 Your Spells              Type           Power        Failure   Level  Hunger
a - Magic Dart            Conj           #...         38%         1    None


Dungeon Overview and Level Annotations

Branches:
Dungeon (1/15)

Altars:


Innate Abilities, Weirdness & Mutations

Your experience applies equally to all skills.
You have very sharp teeth.
Your uncanny sense of smell can sniff out nearby items.


Message History

The frilled lizard barely misses you.
There is a fountain of clear blue water here.
The frilled lizard bites you.
* * * LOW HITPOINT WARNING * * *
The frilled lizard bites you but does no damage.
The frilled lizard bites you but does no damage.
There is an open door here.
The frilled lizard unfolds its giant frill.
There is a large open door, spattered with blood here.
There is a large open door here.
You barely miss the frilled lizard. Your bite misses the frilled lizard.
The frilled lizard bites you.
* * * LOW HITPOINT WARNING * * *
You hit the frilled lizard but do no damage.
The frilled lizard barely misses you.
You hit the frilled lizard.
You kill the frilled lizard!
Your Hexes skill increases to level 2!
You closely miss the frilled lizard. The frilled lizard bites you.
You die...

∆ .... ∆ .... . #######
########.. .. ......####
#...##...# ## ..
.........###...##...##.# ..
...⌠......##...##.....#∆.#
......⌠...##...##....##)#
.≈.........#...##.....$#
.......⌠..(#..gl@...†##...#
....≈......'...##....#.##.#
.......⌠...#...##.......#
..
.≈.........#...##...#......
#
......⌠...##...##...#..#...
...⌠......##.##...........#
.........###.# ............
......#### #.##...........#
####### #...............


You could see a hobgoblin and a frilled lizard.

Vanquished Creatures
  2 bats (D:1)
  A hobgoblin (D:1)
  A frilled lizard (D:1)
  A rat (D:1)
5 creatures vanquished.

Notes
Turn   | Place    | Note
-------+----------+-------------------------------------------
     0 | D:1      | wilfster70 the Gnoll Wanderer began the quest for the Orb.
     0 | D:1      | wilfster70 set off with: a book of Minor Magic, a +0 ring mail, a +0 buckler, a +0 dagger, a bread ration
     0 | D:1      | Reached XP level 1. HP: 13/13 MP: 6/6
     2 | D:1      | Learned a level 1 spell: Magic Dart
   165 | D:1      | Slain by a frilled lizard

Vault maps used:
D:1:      dpeg_arrival_stone_temple_mockup, minmay_tromino_v7

Skill      XL: |  1 |
---------------+----+-----
Hexes          | 2 |  2.0
Fighting       | |  0.1
Short Blades   | |  0.1
Long Blades    | |  0.1
Axes           | |  0.1
Maces & Flails | |  0.1
Polearms       | |  0.1
Staves         | |  0.1
Slings         | |  0.1
Bows           | |  0.1
Crossbows      | |  0.1
Throwing       | |  2.4
Armour         | |  6.4
Dodging        | |  0.1
Stealth        | |  0.1
Shields        | |  2.4
Unarmed Combat | |  0.1
Spellcasting   | |  4.9
Conjurations   | |  0.1
Charms         | |  0.1
Summonings     | |  0.1
Necromancy     | |  0.1
Translocations | |  0.1
Transmutations | |  0.1
Fire Magic     | |  0.1
Ice Magic      | |  0.1
Air Magic      | |  0.1
Earth Magic    | |  3.6
Poison Magic   | |  0.1
Invocations    | |  0.2
Evocations     | |  0.1

Action                   || total
-------------------------++-------
Melee: Dagger            ||    32
       Bite              ||     3
Armor: Ring mail         ||    28
Dodge: Dodged            ||    15
Block: Buckler           ||    22

Table legend:
 A = Spawn XP
 B = Non-spawn XP
 C = Spawn XP percentage of total XP
 D = Spawn monster count
 E = Non-spawn monster count
 F = Spawn count percentage of total count
 G = Total turns spent on level
                    A         B        C        D         E        F      G
               +---------+---------+-------+---------+---------+-------+---------
         Total |       0 |       7 |   0.0 |       0 |       5 |   0.0 |   165
               +---------+---------+-------+---------+---------+-------+---------
           D:1 |       0 |       7 |   0.0 |       0 |       5 |   0.0 |   165
               +---------+---------+-------+---------+---------+-------+---------
